 Dungeon Crawl Stone Soup version 0.27.1-34-g3ba077fa99 (webtiles) character file.

Game seed: 13748689908005145657

103 Delamore the Sneak (level 4, -5/29 HPs)
             Began as an Octopode Brigand on Jan 31, 2022.
             Was a Follower of Uskayaw.
             Slain by Grinder (7 damage)
             ... on level 3 of the Dungeon.
             The game lasted 00:02:28 (2747 turns).

Delamore the Sneak (Octopode Brigand)               Turns: 2747, Time: 00:02:29

Health: -5/29      AC:  1    Str: 10    XL:     4   Next: 79%
Magic:  4/4        EV: 12    Int: 13    God:    Uskayaw [*.....]
Gold:   95         SH:  0    Dex: 14    Spells: 3/3 levels left

rFire    . . .     SeeInvis .   h - +1 dagger (elec)
rCold    . . .     Faith    .   (no shield)
rNeg     . . .     Spirit   .   (helmet restricted)
rPois    .         Reflect  .   (no amulet)
rElec    .         Harm     .   (no ring)
rCorr    .         Rampage  .   (no ring)
Will     .....                  (no ring)
Stlth    +++++.....             (no ring)
HPRegen  0.09/turn              (no ring)
MPRegen  0.09/turn              (no ring)
                                (no ring)
                                (no ring)

@: hasted, very quick
A: almost no armour, amphibious, 8 rings, camouflage 1, gelatinous body 1,
(nimble swimmer 1), tentacles
a: Renounce Religion, Stomp


You were on level 3 of the Dungeon.
You worshipped Uskayaw.
Uskayaw was noncommittal.
You visited 1 branch of the dungeon, and saw 3 of its levels.

You collected 95 gold pieces.

Inventory:

Hand Weapons
 a - a +2 dagger
 f - a +1 dagger of draining
 h - a +1 dagger of electrocution (weapon)
Missiles
 b - 11 poisoned darts (quivered)
 c - 2 curare-tipped darts
Armour
 l - a +0 buckler
Scrolls
 d - 4 scrolls of magic mapping {unknown}
 e - a scroll of noise
 g - a scroll of vulnerability
 j - a scroll of amnesia
 k - a scroll of fear
 m - a scroll of enchant weapon {unknown}


   Skills:
 - Level 2.0 Fighting
 + Level 3.1 Short Blades
 - Level 2.0 Throwing
 - Level 1.0 Dodging
 * Level 7.5 Stealth


You had 3 spell levels left.
You didn't know any spells.
Your spell library contained the following spells:

 Spells                   Type           Power      Damage    Failure   Level
 Ignite Poison            Fire/Tmut/Pois 0%         N/A       67%         3
 Lightning Bolt           Conj/Air       0%         1d11      100%        5
 Silence                  Hex/Air        0%         N/A       100%        5
 Starburst                Conj/Fire      0%         6d3       100%        6


Dungeon Overview and Level Annotations

Branches:
Dungeon (3/15)

Altars:
Hepliaklqana
Kikubaaqudgha
Uskayaw

Shops:
D:1 !

Annotations:
D:3 Grinder; HangedMan's ghost, weakling OpWz


Innate Abilities, Weirdness & Mutations

You cannot wear most types of armour.
You are amphibious.
You can wear up to eight rings at the same time.
Your skin changes colour to match your surroundings (Stealth+).
Your rubbery body absorbs attacks. (AC +1, EV +1)
((You are camouflaged near water. (Stealth+)))
You have tentacles for arms and can constrict up to eight enemies at once.


Message History

There is an open door here.
Grinder shouts!
Grinder says, "Don't move a muscle."
Grinder misses you.
A giant cockroach comes into view.
You hit Grinder. Your grab misses Grinder.
Grinder is lightly wounded.
Grinder hits you!
You writhe in agony.
You hit Grinder. Your grab misses Grinder.
Grinder is lightly wounded.
You hit Grinder. Your grab misses Grinder.
Grinder is moderately wounded.
Grinder hits you.
You writhe in agony.
You are too injured to fight recklessly!
You are too injured to fight recklessly!
You are too injured to fight recklessly!
You are too injured to fight recklessly!
You are too injured to fight recklessly!
You are too injured to fight recklessly!
You are too injured to fight recklessly!
You are too injured to fight recklessly!
You are too injured to fight recklessly!
You are too injured to fight recklessly!
You are too injured to fight recklessly!
You are too injured to fight recklessly!
You are too injured to fight recklessly!
You closely miss Grinder. You grab Grinder.
Grinder is moderately wounded.
You constrict Grinder. Grinder hits you!
* * * LOW HITPOINT WARNING * * *
You writhe in agony.
* * * LOW HITPOINT WARNING * * *
You feel yourself speed up.
You constrict Grinder, but do no damage.
Grinder gestures at you. You resist with significant effort.
You hit Grinder.
Grinder is moderately wounded.
You constrict Grinder. Grinder hits you!
You die...

### ..# ..##
...########### ##
...##........# ####..
...##........# #...
...##.......†###.##.####
.............'..@5B.....
...##........###.##.###.
##.##........# #...
##.##........# #..#.#
##.##........# #..# #
##.########### #..#
'.......... ....
##.######## #..# ##.#
#..


You could see Grinder and a giant cockroach.

Vanquished Creatures
  4 adders
  A worm (D:2)
  4 dart slugs
  4 endoplasms
  4 giant cockroaches
  4 goblins
  2 hobgoblins (D:2)
  10 jackals
  5 kobolds
  6 ball pythons
  3 bats
  A frilled lizard (D:1)
  3 rats (D:3)
51 creatures vanquished.

Notes
Turn   | Place    | Note
-------+----------+-------------------------------------------
     0 | D:1      | Delamore the Octopode Brigand began the quest for the Orb.
     0 | D:1      | Reached XP level 1. HP: 14/14 MP: 1/1
    40 | D:1      | Found Renemesh's Distillery.
   156 | D:1      | Reached XP level 2. HP: 19/19 MP: 2/2
   353 | D:1      | Reached skill level 6 in Stealth
   567 | D:1      | Reached XP level 3. HP: 24/24 MP: 3/3
   595 | D:1      | Found a faded altar of an unknown god.
   876 | D:1      | Became a worshipper of Uskayaw the Reveller
   876 | D:1      | Reached * piety under Uskayaw
  1161 | D:2      | Reached ** piety under Uskayaw
  1737 | D:2      | Reached XP level 4. HP: 27/29 MP: 4/4
  1821 | D:2      | Reached skill level 7 in Stealth
  2522 | D:3      | Found a hazy altar of Hepliaklqana.
  2642 | D:3      | Noticed HangedMan's ghost (weakling OpWz)
  2662 | D:3      | Found an ancient bone altar of Kikubaaqudgha.
  2667 | D:3      | Got the Disquisition on Fiery Feathers
  2737 | D:3      | Noticed Grinder
  2747 | D:3      | Slain by Grinder

Illustrated notes

Levels and vault maps discovered:
D:1:      evilmike_arrival_plus, layout_loops_ring, serial_shops,
          nicolae_shop_temple_entry_statues_fountains,
          ebering_ecumenical_altar_hall
D:2:      layout_basic
D:3:      layout_basic, nicolae_kikubaaqudgha_miasma_corner,
          mainiacjoe_overflow_six_doors_small, gammafunk_ghost_icy, uniq_grinder

Skill      XL: |  1  2  3  4 |
---------------+-------------+-----
Stealth        | 6 7 |  7.5
Short Blades   | 3 |  3.1
Fighting       | |  2.0
Throwing       | |  2.0
Dodging        | |  1.0

Action                   |  1- 3 |  4- 6 || total
-------------------------+-------+-------++-------
Melee: Dagger            |    59 |    32 ||    91
       Tentacles         |    12 |     3 ||    15
       Constrict         |    10 |     6 ||    16
  Use: Scroll            |     3 |     3 ||     6
       Potion            |       |     1 ||     1
 Stab: Sleeping          |    13 |     8 ||    21
Armor: Skin              |     5 |     1 ||     6
Dodge: Dodged            |    27 |     9 ||    36
